 Dungeon Crawl Stone Soup version 0.26.0-45-g9c1d065592 (webtiles) character file.

Game seed: 16021825235786913971

30 kaeus the Sneak (level 3, -1/26 HPs)
             Began as an Octopode Monk on Jan 28, 2021.
             Slain by a goblin
             ... wielding a +0 club
             ... led by Robin
              (2 damage)
             ... on level 2 of the Dungeon.
             The game lasted 00:01:00 (611 turns).

kaeus the Sneak (Octopode Monk)                      Turns: 611, Time: 00:01:01

Health: -1/26      AC:  1    Str: 10    XL:     3   Next: 18%
Magic:  3/3        EV: 12    Int: 12    God:
Gold:   28         SH:  7    Dex: 15    Spells: 2/2 levels left

rFire    . . .     SeeInvis +   a - +0 short sword
rCold    . . .     Faith    .   f - +0 kite shield
rNeg     . . .     Spirit   .   (helmet restricted)
rPois    .         Reflect  .   (no amulet)
rElec    .         Harm     .   d - ring of see invisible
rCorr    .         Rampage  .   (no ring)
Will     .....                  (no ring)
Stlth    ++++......             (no ring)
HPRegen  0.08/turn              (no ring)
MPRegen  0.08/turn              (no ring)
                                (no ring)
                                (no ring)

@: no status effects
A: almost no armour, stealthy swim, amphibious, 8 rings, constrict 8, camouflage
1, gelatinous body 1
a: no special abilities


You were on level 2 of the Dungeon.
You visited 1 branch of the dungeon, and saw 2 of its levels.

You collected 28 gold pieces.

Inventory:

Hand Weapons
 a - a +0 short sword (weapon)
Armour
 f - a +0 kite shield (worn)
Jewellery
 d - a ring of see invisible (left tentacle)
Scrolls
 b - a scroll of identify {unknown}
 h - a scroll of teleportation {unknown}
 j - a scroll of enchant armour {unknown}
 l - a scroll of enchant weapon {unknown}
Potions
 c - a potion of flight {unknown}
 e - a potion of heal wounds {unknown}
 g - 2 potions of cancellation {unknown}
 i - a potion of might {unknown}
 k - a potion of degeneration {unknown}


   Skills:
 + Level 3.2 Fighting
 + Level 3.1 Short Blades
 + Level 3.2 Dodging
 * Level 3.7 Stealth
 * Level 0.8 Shields


You had 2 spell levels left.
You didn't know any spells.
Your spell library was empty.

Dungeon Overview and Level Annotations

Branches:
Dungeon (2/15)

Altars:

Annotations:
D:2 Robin


Innate Abilities, Weirdness & Mutations

You cannot wear most types of armour.
You are very stealthy in the water. (Stealth+)
You are amphibious.
You can wear up to eight rings at the same time.
You can use your tentacles to constrict eight enemies at once.
Your skin changes colour to match your surroundings (Stealth+).
Your rubbery body absorbs attacks. (AC +1, EV +1)


Message History

You kill the hobgoblin!
You constrict the goblin. Robin throws the goblin at you!
The goblin closely misses you.
You take 1 damage, and have 12/26 hp.
You hit the goblin.
You kill the goblin!
A quokka comes into view.
Robin throws the goblin at you! The goblin hits you with a +0 club.
* * * LOW HITPOINT WARNING * * *
You take 9 damage, and have 3/26 hp.
MASSIVE DAMAGE!!
You completely miss the goblin. You grab the goblin. You constrict the goblin.
The goblin closely misses you. The goblin hits you with a +0 club.
* * * LOW HITPOINT WARNING * * *
You take 2 damage, and have 1/26 hp.
You hit the goblin.
The goblin is severely wounded.
You constrict the goblin.
You kill the goblin!
The goblin hits you with a +0 club.
You die... # ### .## ... ... #.. ... ... gr#

#.# #[# #g# #.#
#.# # #g# #.#
#.#####.# #g#
#.# #.##<....
#@# #.#
#.##.###.
##)###.####....#
#.....[.....####
#>.########.#
#.)# #.# ...##
#.# ..#. #.#
##.#. #.# # #.
..#


You could see Robin, a quokka and 3 goblins.

Vanquished Creatures
  A gnoll (D:1)
  3 bats (D:1)
  8 goblins
  3 hobgoblins
  2 frilled lizards (D:1)
  A kobold (D:1)
  2 rats (D:1)
20 creatures vanquished.

Notes
Turn   | Place    | Note
-------+----------+-------------------------------------------
     0 | D:1      | kaeus the Octopode Monk began the quest for the Orb.
     0 | D:1      | Reached XP level 1. HP: 16/16 MP: 1/1
   118 | D:1      | Reached XP level 2. HP: 21/21 MP: 2/2
   442 | D:1      | Reached XP level 3. HP: 26/26 MP: 3/3
   601 | D:2      | Noticed Robin
   610 | D:2      | HP: 1/26 [goblin/+0 club[Robin] (2)]
   611 | D:2      | Slain by a goblin

Illustrated notes

Levels and vault maps discovered:
D:1:      minmay_arrival_radiant_lines, layout_basic
D:2:      layout_loops_ring, minitemple, uniq_robin

Skill      XL: |  1 |
---------------+----+-----
Stealth        | 3 |  3.7
Fighting       | |  3.2
Short Blades   | |  3.1
Dodging        | |  3.2
Shields        | |  0.8

Action                   || total
-------------------------++-------
Melee: Short sword       ||    42
       Constrict         ||    11
       Tentacles         ||     7
 Stab: Sleeping          ||     3
Armor: Skin              ||     3
Dodge: Dodged            ||    23
Block: Kite shield       ||     8
